 Dungeon Crawl Stone Soup version 0.26-a0-259-g1effd001a9 (webtiles) character file.

Game seed: 14707174358559668915

253 Esekla the Magician (level 6, -1/43 HPs)
             Began as a Formicid Venom Mage on July 13, 2020.
             Slain by a hornet zombie (11 damage)
             ... in an ossuary.
             The game lasted 00:21:10 (2851 turns).

Esekla the Magician (Formicid Venom Mage)           Turns: 2851, Time: 00:21:11

Health: -1/43      AC:  7    Str: 12    XL:     6   Next: 37%
Magic:  2/12       EV: 12    Int: 17    God:
Gold:   170        SH:  0    Dex: 11    Spells: 5/13 levels left

rFire    . . .     SeeInvis +   b - +2 dagger (venom)
rCold    . . .     Faith    .   (no shield)
rNeg     . . .     Spirit   .   g - +1 leather armour
rPois    .         Reflect  .   (helmet unavailable)
rElec    .         Harm     .   (no cloak)
rCorr    .                      (no gloves)
MR       .....                  n - +2 pair of boots
Stlth    ++........             (no amulet)
HPRegen  0.14/turn              (no ring)
MPRegen  0.13/turn              (no ring)

@: no status effects
A: permanent stasis, dig shafts and tunnels, four strong arms, antennae 3
a: Dig, Shaft Self


You were in an ossuary.
You were not hungry.

You visited 1 branch of the dungeon, and saw 6 of its levels.
You also visited: Ossuary.

You collected 170 gold pieces.

Inventory:

Hand Weapons
 b - a +2 dagger of venom (weapon)
Armour
 g - a +1 leather armour (worn)
 n - a +2 pair of boots (worn)
Scrolls
 d - a scroll of enchant armour
 e - a scroll of fog {unknown}
 h - a scroll of identify
 i - a scroll of fear {unknown}
Potions
 j - a potion of curing
Comestibles
 c - 10 rations


   Skills:
 * Level 1.3 Fighting
 + Level 0.4 Short Blades
 * Level 0.1 Armour
 + Level 2.3 Dodging
 - Level 2.7 Stealth
 * Level 4.4 Spellcasting
 * Level 0.4 Conjurations
 - Level 1.1 Transmutations
 * Level 2.3 Air Magic
 + Level 4.3 Poison Magic


You had 5 spell levels left.
You knew the following spells:

 Your Spells              Type           Power        Failure   Level
c - Mephitic Cloud        Conj/Pois/Air  ##......     22%         3
n - Ignite Poison         Fire/Tmut/Pois #.......     26%         3
v - Poisonous Vapours     Pois/Air       ###...       8%          2

Your spell library contained the following spells:

 Spells                   Type           Power        Failure   Level
 Sting                    Tmut/Pois      ##..         6%          1
 Olgreb's Toxic Radiance  Pois           ###.....     32%         4


Dungeon Overview and Level Annotations

Branches:
Dungeon (7/15)            Ossuary (1/1)
 Temple: D:4-7

Altars:

Annotations:
D:6 Menkaure
D:7 Pikel


Innate Abilities, Weirdness & Mutations

You cannot be hasted, slowed, berserked, paralysed or teleported.
You can dig through walls and to a lower floor.
Your four strong arms can wield two-handed weapons with a shield.
You have a pair of large antennae on your head. (SInv)


Message History

You hit the hornet zombie.
The hornet zombie is moderately damaged.
The hornet zombie hits you!
You closely miss the hornet zombie.
The hornet zombie is moderately damaged.
The hornet zombie hits you. The hornet zombie hits you!
You completely miss the hornet zombie.
The hornet zombie is moderately damaged.
The hornet zombie hits you.
* * * LOW HITPOINT WARNING * * *
Okay, then.
Unknown command.
You hit the hornet zombie but do no damage.
The hornet zombie is moderately damaged.
The hornet zombie hits you.
* * * LOW HITPOINT WARNING * * *
You hit the hornet zombie.
The hornet zombie is moderately damaged.
The hornet zombie barely misses you. The hornet zombie hits you!
You die...

#≈≈ ##≈≈≈ ≈≈≈
#{#≈##≈#≈##≈≈≈≈
#.#.#P≈P#P#≈≈#
#+#.≈{≈≈≈.≈.≈≈#≈
≈≈{.≈.≈.≈≈≈≈≈P≈#
##+##+##'##.≈≈≈
{ #..[# # #.Z.#{
#∩@.# ##### {{ {
{ { { {


You could see a hornet zombie.

Vanquished Creatures
  A bullfrog zombie (Ossuary)
  A centaur zombie (Ossuary)
  An orc wizard (D:4)
  An iguana (D:6)
  2 mummies (Ossuary)
  A killer bee zombie (Ossuary)
  2 adders (D:2)
  An ufetubus (D:7)
  An adder zombie (D:6)
  A worm (D:2)
  3 orcs
  3 ball pythons
  2 giant cockroaches (D:1)
  7 goblins
  2 hobgoblins
  5 jackals
  3 kobolds (D:1)
  4 bats
  4 frilled lizards
  5 rats
50 creatures vanquished.

Vanquished Creatures (others)
  A withered plant (Ossuary)
1 creature vanquished.

Grand Total: 51 creatures vanquished

Notes
Turn   | Place    | Note
-------+----------+-------------------------------------------
     0 | D:1      | Esekla the Formicid Venom Mage began the quest for the Orb.
     0 | D:1      | Reached XP level 1. HP: 13/13 MP: 3/3
   259 | D:3      | Reached XP level 2. HP: 9/20 MP: 0/5
   444 | D:3      | Learned a level 2 spell: Poisonous Vapours
   872 | D:2      | Reached XP level 3. HP: 25/25 MP: 2/7
  1273 | D:2      | Reached skill level 1 in Fighting
  1381 | D:3      | Learned a level 3 spell: Mephitic Cloud
  1547 | D:1      | Reached XP level 4. HP: 26/32 MP: 1/8
  2067 | D:4      | Reached skill level 1 in Air Magic
  2076 | D:4      | Noticed an ogre
  2213 | D:4      | You fall into a shaft and drop 3 floors!
  2471 | D:7      | Learned a level 3 spell: Ignite Poison
  2590 | D:7      | Reached XP level 5. HP: 37/37 MP: 5/10
  2649 | D:7      | Noticed a lemure
  2650 | D:7      | Noticed a lemure
  2650 | D:7      | Noticed Pikel
  2652 | D:7      | Noticed a sky beast
  2652 | D:7      | Noticed a lemure
  2706 | D:6      | Noticed Menkaure
  2742 | D:6      | Found a sand-covered staircase.
  2803 | Ossuary  | Entered an ossuary
  2820 | Ossuary  | Reached XP level 6. HP: 43/43 MP: 4/11
  2851 | Ossuary  | Slain by a hornet zombie

Illustrated notes

Levels and vault maps discovered:
D:1:      dpeg_arrival_shrine, layout_basic, minmay_pentomino_v4
D:2:      layout_rooms
D:3:      layout_loops_cross, xom_butterflies, elyvilon_altar_5, uniq_terence
D:4:      layout_basic, gammafunk_temple_overflow_wave, kennysheep_mini,
          minmay_temple_entry_from_below_b, first_ration
D:6:      layout_cave_pools, serial_co_window_serial, co_window_corner_a,
          co_window_paths_a, co_window_corner_a, co_window_paths_a,
          co_window_of_opportunity_a, co_window_cross_3, co_window_2corner,
          co_window_paths_c, co_window_4corner_b, co_window_sun,
          glass_columns_a, glass_columns_b,
          lightli_ossuary_entry_decrepit_ruins, uniq_menkaure
D:7:      layout_gridville, uniq_pikel, uniq_maggie
Ossuary:  ossuary_zaba_flooded

Skill      XL: |  1  2  3  4  5  6 |
---------------+-------------------+-----
Fighting       | 1 |  1.3
Spellcasting   | 3 4 |  4.4
Dodging        | 2 |  2.3
Air Magic      | 1 2 |  2.3
Short Blades   | |  0.4
Armour         | |  0.1
Stealth        | |  2.7
Conjurations   | |  0.4
Transmutations | |  1.1
Poison Magic   | |  4.3

Action                   |  1- 3 |  4- 6 || total
-------------------------+-------+-------++-------
Melee: Dagger            |    24 |    22 ||    46
 Cast: Sting             |     5 |       ||     5
       Poisonous Vapours |    20 |    20 ||    40
       Mephitic Cloud    |       |     3 ||     3
       Ignite Poison     |       |     3 ||     3
 Abil: Shaft Self        |       |     1 ||     1
  Use: Scroll            |       |     8 ||     8
 Stab: Sleeping          |     5 |       ||     5
  Eat: Ration            |     1 |     1 ||     2
Armor: Robe              |     3 |     2 ||     5
Dodge: Dodged            |    11 |    15 ||    26

Table legend:
 A = Non-vault XP
 B = Vault XP
 C = Vault XP percentage of total XP
 D = Non-vault monster count
 E = Vault monster count
 F = Vault count percentage of total count
                 A         B        C        D         E       F
            +---------+---------+-------+---------+---------+-------
      Total |     185 |     177 |  48.9 |      43 |       7 |  14.0
            +---------+---------+-------+---------+---------+-------
        D:1 |      34 |       3 |   8.1 |      21 |       2 |   8.7
        D:2 |      43 |       0 |   0.0 |      11 |       0 |   0.0
        D:3 |       7 |       0 |   0.0 |       4 |       0 |   0.0
        D:4 |      46 |       0 |   0.0 |       3 |       0 |   0.0
        D:6 |      47 |       0 |   0.0 |       3 |       0 |   0.0
        D:7 |       8 |       0 |   0.0 |       1 |       0 |   0.0
    Ossuary |       0 |     174 | 100.0 |       0 |       5 | 100.0
            +---------+---------+-------+---------+---------+-------
